Map: [ESL] Oceanborn

Players

Geralt (Gerald)

  • Race: Protoss Protoss
  • League: Grandmaster
  • Spawn Location: 11:00

Scarlett - Winner!

  • Race: Zerg Zerg
  • Spawn Location: 5:00

Event: IEM Katowice 2024

VOD

Have the link to the VOD?

Description

Time

  • Played on: Dec. 7, 2023, 2:20 p.m.
  • Length: 9:50

All games in this series

Show
View Real Time Build Order
Export as new Build Order

Geralt Protoss 

Build Orders: 1 Gate Expand, Archon Immortal, Archon Drop, Dark Templar Rush 

Get SALT Encoding   

  12  0:00  Probe  
  13  0:12  Probe  
  14  0:19  Pylon  
  14  0:24  Probe  
  15  0:37  Probe (Chrono Boost)  
  15  0:40  Gateway  
  16  0:46  Probe (Chrono Boost)  
  16  0:49  Assimilator  
  17  0:51  Probe (Chrono Boost)  
  18  1:03  Probe  
  19  1:15  Probe  
  20  1:25  Nexus  
  20  1:29  Probe  
  21  1:38  Cybernetics Core  
  21  1:42  Probe  
  22  1:48  Assimilator  
  22  1:53  Pylon  
  22  1:56  Probe  
  23  2:11  Adept (Chrono Boost), Probe  
  26  2:16  Twilight Council  
  26  2:23  Probe  
  27  2:31  Adept (Chrono Boost), Warp Gate  
  27  2:35  Probe  
  30  2:44  Probe  
  30  2:47  Probe  
  32  2:52  Robotics Facility  
  32  2:55  Adept  
  32  2:56  Probe  
  35  3:02  Probe  
  36  3:08  Probe  
  37  3:14  Probe  
  38  3:20  Probe  
  38  3:21  Dark Shrine  
  38  3:26  Probe  
  40  3:30  Gateway  
  40  3:32  Probe  
  41  3:36  Warp Prism (Chrono Boost)  
  41  3:38  Probe  
  44  3:43  Pylon  
  44  3:45  Probe  
  45  3:48  Assimilator  
  45  3:50  Assimilator, Probe  
  46  4:01  Probe  
  46  4:02  Probe  
  48  4:13  Probe  
  48  4:14  Probe  
  48  4:16  Pylon  
  49  4:19  Gateway  
  49  4:22  Gateway  
  49  4:24  Adept x2, Pylon  
  49  4:28  Probe  
  54  4:41  Nexus  
  54  4:45  Dark Templar  
  56  4:47  Dark Templar  
  56  4:49  Probe  
  56  4:52  Probe  
  60  5:04  Immortal  
  62  5:10  Probe, Charge (Chrono Boost)  
  62  5:14  Pylon  
  65  5:15  Stalker  
  65  5:16  Probe  
  68  5:21  Dark Templar  
  70  5:32  Gateway  
  70  5:33  Gateway  
  70  5:35  Gateway x2  
  70  5:42  Nexus  
  70  5:47  Immortal (Chrono Boost)  
  75  6:00  Pylon  
  75  6:03  Archon, Pylon  
  75  6:05  Pylon  
  75  6:06  Dark Templar  
  76  6:12  Archon  
  76  6:13  Dark Templar  
  78  6:18  Pylon  
  78  6:19  Observer  
  78  6:20  Dark Templar x2  
  78  6:22  Probe  
  84  6:28  Dark Templar  
  84  6:29  Dark Templar  
  84  6:32  Archon  
  88  6:35  Dark Templar  
  88  6:36  Archon  
  88  6:39  Zealot  
  92  6:40  Archon  
  92  6:44  Probe  
  93  6:53  Zealot x4  
  101  6:55  Pylon  
  85  7:23  Zealot x8  
  85  7:24  Immortal  
  85  7:27  Probe  
  94  7:34  Probe  
  95  7:42  Zealot  
  95  7:43  Zealot x5  
  105  7:47  Zealot x2  
  91  7:56  Zealot x2  
  91  7:58  Probe (Chrono Boost)  
  72  8:04  Probe (Chrono Boost), Robotics Bay  
  68  8:06  Dark Templar x3  
  68  8:08  Zealot x3  
  68  8:09  Probe (Chrono Boost)  
  68  8:10  Archon  
  68  8:11  Probe (Chrono Boost)  
  81  8:14  Shield Battery  
  81  8:19  Probe  
  81  8:20  Probe  
  81  8:25  Probe  
  84  8:29  Assimilator  
  84  8:31  Probe  
  84  8:32  Assimilator, Probe  
  86  8:34  Robotics Facility  
  86  8:36  Immortal, Pylon  
  86  8:39  Probe  
  86  8:41  Zealot x2  
  93  8:45  Dark Templar  
  87  8:50  Dark Templar  
  87  8:54  Zealot x3  
  62  9:04  Zealot x3  
  63  9:12  Disruptor (Chrono Boost)  
  67  9:18  Dark Templar  
  67  9:19  Archon  
  67  9:21  Zealot  
  67  9:22  Archon  
  72  9:25  Probe (Chrono Boost)  
  72  9:27  Probe (Chrono Boost)  
  72  9:29  Zealot  
  72  9:30  Probe (Chrono Boost)  
  66  9:43  Zealot  
  66  9:44  Zealot x2  
Show
View Real Time Build Order
Export as new Build Order

Scarlett Zerg - Winner!

Build Orders: Hatch First 

Get SALT Encoding   

  12  0:00  Drone  
  13  0:12  Overlord  
  13  0:17  Drone  
  14  0:30  Drone  
  14  0:31  Drone  
  16  0:43  Drone  
  17  0:50  Hatchery  
  17  0:54  Drone  
  17  0:57  Drone  
  18  1:09  Extractor  
  17  1:12  Spawning Pool  
  17  1:17  Drone  
  17  1:19  Drone  
  18  1:27  Drone  
  19  1:39  Drone  
  20  1:49  Overlord  
  20  1:59  Queen  
  22  2:02  Zergling x2, Queen  
  22  2:03  Drone  
  26  2:11  Zergling x2  
  26  2:12  Metabolic Boost  
  26  2:13  Drone  
  28  2:22  Drone  
  29  2:24  Drone  
  30  2:36  Hatchery  
  29  2:40  Queen  
  31  2:44  Zergling x2  
  31  2:47  Overlord  
  31  2:50  Drone  
  33  2:53  Zergling x2  
  33  2:56  Zergling x2  
  33  2:57  Zergling x2  
  36  3:05  Queen  
  36  3:07  Overlord  
  36  3:12  Drone x2  
  40  3:14  Drone  
  40  3:18  Drone  
  42  3:27  Queen  
  42  3:28  Drone x2  
  42  3:33  Overlord  
  46  3:43  Drone x3  
  49  3:48  Drone x6  
  49  3:52  Drone x2  
  57  3:56  Queen  
  58  4:06  Spore Crawler, Queen  
  58  4:09  Drone x3  
  60  4:11  Drone  
  60  4:15  Overlord  
  61  4:24  Zergling x8  
  61  4:26  Overlord  
  61  4:28  Roach Warren  
  64  4:31  Overlord  
  64  4:36  Zergling x10  
  68  4:40  Spore Crawler  
  67  4:46  Zergling x10  
  67  4:50  Spore Crawler  
  70  5:03  Lair  
  70  5:04  Drone x7  
  70  5:07  Drone x4  
  81  5:10  Extractor  
  81  5:11  Extractor, Drone  
  80  5:16  Evolution Chamber  
  80  5:21  Drone x7  
  85  5:26  Drone x3  
  84  5:30  Extractor  
  84  5:32  Drone  
  84  5:34  Overlord  
  84  5:36  Overlord x3  
  84  5:42  Zerg Missile Weapons Level 1  
  84  5:44  Extractor, Overlord  
  84  5:45  Extractor  
  82  5:50  Overlord x3  
  82  5:55  Drone x4  
  82  5:57  Drone  
  87  5:59  Baneling Nest  
  87  6:00  Drone x2  
  87  6:03  Glial Reconstitution  
  88  6:07  Drone x4  
  92  6:15  Roach x4  
  100  6:20  Roach x3  
  100  6:24  Roach x2  
  110  6:29  Roach x3  
  116  6:35  Hatchery  
  116  6:38  Roach  
  117  6:41  Roach x3  
  117  6:44  Centrifugal Hooks  
  117  6:47  Roach x2  
  127  6:50  Roach x2  
  127  6:52  Overlord  
  131  6:55  Overlord  
  131  6:59  Baneling x6  
  131  7:00  Baneling x2  
  131  7:03  Roach x2  
  131  7:08  Roach x4  
  143  7:12  Roach x2  
  143  7:21  Roach x6  
  139  7:28  Roach x4  
  133  7:30  Ravager  
  133  7:31  Ravager x2  
  133  7:32  Roach  
  133  7:36  Zergling x2, Roach x3  
  143  7:41  Zergling x2, Roach x2  
  143  7:43  Roach  
  147  7:48  Roach x3  
  134  7:56  Roach x5  
  127  8:02  Queen x2  
  127  8:05  Roach, Ravager  
  133  8:06  Ravager  
  133  8:08  Ravager  
  133  8:09  Roach  
  133  8:10  Zergling x6  
  141  8:14  Zergling x10  
  141  8:17  Zergling x4  
  146  8:20  Zergling x4, Ravager x2  
  146  8:23  Zergling x6  
  146  8:26  Zergling x2  
  154  8:28  Zergling x2  
  154  8:29  Zergling x2  
  154  8:34  Zergling x6  
  159  8:44  Zergling x14  
  159  8:45  Zergling x2, Overseer  
  159  8:46  Overseer  
  156  8:54  Zergling x8  
  152  9:02  Zergling x16  
  142  9:13  Ravager x2  
  142  9:14  Ravager x2  
  142  9:15  Ravager x5  
  142  9:16  Baneling x7  
  151  9:17  Zergling x14  
  151  9:19  Spore Crawler  
  151  9:20  Spine Crawler  
  151  9:21  Baneling x3  
  158  9:28  Zergling x12  
  158  9:29  Zergling x2  

Tags
 
Add a new tag
Caveats
  • Supply blocks, unpowered buildings, or Contaminate may cause inaccurate times.
  • Supply counts are checked every 10 seconds.